 Dungeon Crawl Stone Soup version 0.31.0-12-g77e489cdc1 (webtiles) character file.

Game seed: 17099466496403793178

28 Silvore the Trooper (level 3, -1/29 HPs)
             Began as a Demonspawn Fighter on Feb 14, 2024.
             Slain by an adder (3 damage)
             ... on level 3 of the Dungeon.
             The game lasted 00:00:44 (568 turns).

Silvore the Trooper (Demonspawn Fighter)             Turns: 568, Time: 00:00:45

Health: -1/29      AC:  6    Str: 18    XL:     3   Next: 0%
Magic:  3/3        EV:  9    Int:  8    God:
Gold:   22         SH:  4    Dex: 12    Spells: 2/2 levels left

rFire   . . .        a - +0 long sword
rCold   . . .        c - +0 buckler
rNeg    . . .        b - +0 scale mail
rPois   .            (no helmet)
rElec   .            (no cloak)
rCorr   .            (no gloves)
SInv    .            (no boots)
Will    .....        (no amulet) Stlth
                     (no ring)
HPRegen 0.24/turn    (no ring)
MPRegen 0.08/turn

%: no passive effects
@: lethally poisoned (-1 -> -5)
A: demonic guardian 1
a: no special abilities


You were on level 3 of the Dungeon.
You visited 1 branch of the dungeon, and saw 3 of its levels.

You collected 22 gold pieces.

Inventory:

Hand Weapons
 a - a +0 long sword (weapon)
Armour
 b - a +0 scale mail (worn)
 c - a +0 buckler (worn)
Scrolls
 e - 2 scrolls of identify {unknown}
Potions
 d - a potion of might
 f - a potion of curing {unknown}


   Skills:
 + Level 3.2 Fighting
 + Level 2.1 Long Blades
 + Level 2.9 Armour
 + Level 0.4 Dodging
 + Level 3.0 Shields


You had 2 spell levels left.
You didn't know any spells.
Your spell library was empty.

Dungeon Overview and Level Annotations

Branches:
Dungeon (3/15)

Altars:


Innate Abilities, Weirdness & Mutations

A weak demonic guardian rushes to your aid.


Message History

The hobgoblin dies!
You have reached level 3!
Your experience leads to an increase in your attributes!
Increase (S)trength, (I)ntelligence, or (D)exterity?
You feel stronger. x2
You see here a hobgoblin corpse.
Found 5 poisoned darts.
Your quasit disappears in a puff of smoke!
An adder comes into view.
The adder hisses angrily.
You block the adder's attack. The adder bites you.
* * * LOW HITPOINT WARNING * * *
The adder bites you.
* * * LOW HITPOINT WARNING * * *
The adder bites you but does no damage. The adder closely misses you.
The adder bites you but does no damage. You block the adder's attack.
The adder misses you. The adder bites you but does no damage.
You block the adder's attack. The adder bites you.
* * * LOW HITPOINT WARNING * * *
The adder bites you but does no damage. The adder barely misses you.
The adder closely misses you. The adder bites you.
* * * LOW HITPOINT WARNING * * *
You are poisoned.
The adder poisons you!
* * * LOW HITPOINT WARNING * * *
You feel sick.
The adder bites you but does no damage. x2
You feel sick. The adder barely misses you.
You feel sick. The adder bites you.
* * * LOW HITPOINT WARNING * * *
A demonic guardian appears!
You are lethally poisoned!
The adder poisons you!
* * * LOW HITPOINT WARNING * * *
You feel sick. The adder bites you.
You die...

#.............#.######.
##...#####.............
#####.###
######.#.####.
#.......# #..#......
#.......# #.##.....#
#...(...#####
#.#..##..†
#######.#5..#
#...##.... #..S..# ####
#.##. ###@..# #. ##
#...# .. # #...# ..# #.
#...# #. ... #...#
#.#### #####


You could see an adder (ally target) and a friendly quasit (summoned).

Vanquished Creatures
  A dart slug (D:1)
  2 bats
  A goblin (D:1)
  A kobold (D:1)
  A quokka (D:1)
  A ball python (D:1)
  3 rats (D:1)
10 creatures vanquished.

Vanquished Creatures (collateral kills)
  An adder (D:2)
  A ball python (D:3)
  A hobgoblin (D:3)
  2 kobolds
  2 frilled lizards (D:3)
  A rat (D:3)
8 creatures vanquished.

Grand Total: 18 creatures vanquished

Notes
Turn   | Place    | Note
-------+----------+-------------------------------------------
     0 | D:1      | Silvore the Demonspawn Fighter began the quest for the Orb.
     0 | D:1      | Reached XP level 1. HP: 18/18 MP: 1/1
   211 | D:1      | Gained mutation: A weak demonic guardian rushes to your
                  | aid. [demonic ancestry]
   211 | D:1      | Reached XP level 2. HP: 23/24 MP: 2/2
   477 | D:3      | HP: 1/24 [frilled lizard (2)]
   533 | D:3      | Reached XP level 3. HP: 5/29 MP: 3/3
   568 | D:3      | Slain by an adder

Illustrated notes

Levels and vault maps discovered:
D:1:      lightli_arrival_statue_moat, layout_basic
D:2:      layout_rooms, basic_altar
D:3:      layout_rooms

Skill      XL: |  1  2 |
---------------+-------+-----
Long Blades    | 2 |  2.1
Shields        | 3 |  3.0
Fighting       | |  3.2
Armour         | |  2.9
Dodging        | |  0.4

Action                     || total
---------------------------++-------
  Melee: Long sword        ||    22
 Armour: Scale mail        ||   167
  Dodge: Dodged            ||   108
  Block: Buckler           ||    53
